AoeStats
← 半生孑

Arena

507721183Analyzed
3v3 RM · 12d ago on Sep 19, 2026· 51m 39s· 6 players
Game mode
Random Map
Map size
Normal (6 player)
Population
200
Speed
Normal
Resources
Standard
Victory
Conquest
Starting age
Dark Age
Ending age
Imperial Age
RankedLock teamsTeams togetherTeam positionsShared explorationLock speedFull tech treeHidden civsTurbo modeCheats
Victory
Defeat
1191
+15
🇨🇳 Teutons · China
1183
+15
🇨🇳 Britons · China
1177
+16
🇨🇳 Persians · China
1187
-16
🇨🇳 Shu · China
1162
-15
🇨🇳 Bulgarians · China
1160
-15
嘿,延边!
10:41 Feudal Age
14:26 Castle Age
12:13 Double-Bit Axe
12:33 Horse Collar
15:31 Bow Saw
15:22 Heavy Plow
20:40 Wheelbarrow
22:43 Gold Mining
22:56 Loom
22:56 Town Watch
24:05 Gold Shaft Mining
23:21 Stone Mining
25:05 Hand Cart
25:34 Scale Barding Armor
25:39 Forging
26:19 Husbandry
26:30 Bloodlines
28:57 Imperial Age
28:18 Stone Shaft Mining
28:26 Chain Barding Armor
28:18 Forging
29:44 Iron Casting
28:50 Heavy Camel Rider
29:32 Cavalier
31:29 Plate Barding Armor
31:55 Blast Furnace
33:08 Chemistry
32:29 Ballistics
32:04 Murder Holes
32:18 Fletching
32:31 Padded Archer Armor
32:08 Savar
32:54 Light Cavalry
34:17 Elite Skirmisher
35:02 Thumb Ring
34:38 Hussar
37:30 Citadels
37:40 Conscription
45:16 Masonry
44:58 Fletching
45:23 Leather Archer Armor
47:00 Architecture
koyomi
6:45 Loom
9:44 Feudal Age
10:36 Horse Collar
10:47 Gold Mining
10:46 Double-Bit Axe
16:15 Castle Age
17:37 Bow Saw
17:34 Crossbowman
23:59 Fletching
25:18 Wheelbarrow
25:48 Padded Archer Armor
26:12 Ballistics
26:08 Gold Mining
26:28 Bodkin Arrow
27:17 Town Watch
27:45 Thumb Ring
27:00 Elite Skirmisher
28:55 Leather Archer Armor
32:36 Imperial Age
30:26 Scale Mail Armor
30:37 Forging
30:33 Heavy Plow
31:36 Coiled Serpent Array
31:56 Chain Mail Armor
32:18 Masonry
33:08 Hand Cart
33:42 Conscription
33:24 Bracer
33:56 Ring Archer Armor
34:32 Chemistry
33:13 Pikeman
33:39 Arson
33:47 Arbalester
35:28 Gold Shaft Mining
35:07 Siege Engineers
35:22 Squires
36:07 Bolt Magazine
37:26 Halberdier
44:08 Architecture
43:29 Guard Tower
43:24 Arrowslits
44:51 Hoardings
44:38 Guilds
49:39 Capped Ram
Gaody
9:34 Feudal Age
7:52 Loom
16:11 Castle Age
14:58 Double-Bit Axe
16:17 Horse Collar
23:55 Heavy Plow
24:33 Town Watch
26:06 Wheelbarrow
25:48 Gold Mining
27:43 Bow Saw
28:14 Gold Shaft Mining
27:39 Stone Mining
31:24 Imperial Age
28:29 Pikeman
29:24 Scale Mail Armor
29:35 Forging
29:35 Squires
29:22 Gambesons
30:08 Hand Cart
30:18 Chain Mail Armor
30:40 Arson
31:47 Stone Shaft Mining
31:16 Town Patrol
31:35 Husbandry
31:46 Bloodlines
30:56 Light Cavalry
32:23 Ballistics
31:59 Murder Holes
33:56 Plate Mail Armor
34:01 Iron Casting
32:51 Capped Ram
34:36 Chemistry
33:42 Siege Engineers
34:08 Parthian Tactics
33:48 Thumb Ring
35:00 Conscription
35:48 Bagains
36:09 Fletching
36:20 Padded Archer Armor
37:22 Heavy Cavalry Archer
39:20 Bodkin Arrow
41:33 Siege Ram
大清第一巴图鲁
11:16 Feudal Age
12:21 Double-Bit Axe
12:17 Horse Collar
15:15 Castle Age
16:14 Bow Saw
16:05 Heavy Plow
20:33 Wheelbarrow
22:08 Gold Mining
24:16 Gold Shaft Mining
24:49 Hand Cart
24:30 Stone Mining
27:14 Husbandry
27:24 Bloodlines
27:24 Scale Barding Armor
27:29 Forging
27:20 Loom
30:09 Imperial Age
28:52 Chain Barding Armor
28:19 Treadmill Crane
28:46 Siege Engineers
28:53 Masonry
30:58 Iron Casting
30:49 Ballistics
30:53 Elite Steppe Lancer
32:23 Conscription
32:50 Plate Barding Armor
33:16 Blast Furnace
34:40 Fortified Bastions
38:30 Chemistry
37:16 Arrowslits
38:01 Architecture
37:27 Fletching
39:42 Bodkin Arrow
半生孑
11:22 Feudal Age
15:46 Castle Age
14:45 Double-Bit Axe
14:44 Horse Collar
14:57 Gold Mining
15:01 Stone Mining
15:11 Town Watch
17:14 Loom
18:56 Wheelbarrow
20:09 Bow Saw
25:16 Gold Mining
25:48 Hand Cart
25:19 Town Watch
30:05 Imperial Age
30:17 Imperial Age
28:13 Heavy Plow
29:14 Fortified Wall
29:25 Ballistics
29:17 Masonry
29:10 Scale Mail Armor
30:27 Squires
30:12 Arson
32:09 Chemistry
33:18 Two-Man Saw
32:51 Crop Rotation
32:40 Chain Mail Armor
32:35 Forging
32:51 Capped Ram
34:06 Bombard Tower
36:20 Conscription
36:22 Devotion
37:25 Plate Mail Armor
37:31 Iron Casting
37:49 Fletching
38:37 Elite Teutonic Knight
40:11 Elite Teutonic Knight
43:19 Stone Shaft Mining
42:54 Siege Engineers
43:03 Heavy Scorpion
45:31 Crenellations
52:05 Blast Furnace
51:57 Bodkin Arrow
851549245
11:23 Feudal Age
12:46 Double-Bit Axe
15:26 Castle Age
13:22 Horse Collar
16:59 Bow Saw
16:59 Heavy Plow
17:32 Loom
20:20 Gold Mining
26:54 Imperial Age
25:20 Fortified Wall
24:51 Treadmill Crane
25:10 Fletching
26:31 Gold Shaft Mining
26:14 Bodkin Arrow
27:31 Scale Mail Armor
26:54 Man-at-Arms
27:21 Gambesons
28:32 Wheelbarrow
29:53 Conscription
28:59 Long Swordsman
30:05 Bracer
29:49 Two-Handed Swordsman
30:46 Chain Mail Armor
31:52 Stone Mining
33:07 Chemistry
31:54 Champion
32:54 Forging
33:53 Plate Mail Armor
33:30 Squires
33:30 Arson
35:07 Iron Casting
34:34 Padded Archer Armor
36:12 Hand Cart
35:45 Town Watch
37:05 Blast Furnace
36:58 Elite Longbowman
39:05 Padded Archer Armor
43:57 Two-Man Saw
43:17 Warwolf
43:56 Leather Archer Armor
Connection lost

Rejoining the realm…

Still unreachable

The connection could not be restored.

Session expired

The server has moved on; the page needs a fresh start.